 Dungeon Crawl Stone Soup version 0.21.1-68-g103a7af (webtiles) character file.

147 pox the Poker (level 5, -4/42 HPs)
             Began as a Merfolk Monk on Aug 1, 2018.
             Slain by a gnoll
             ... wielding a +0 spear
              (7 damage)
             ... on level 3 of the Dungeon.
             The game lasted 00:07:41 (2848 turns).

pox the Poker (Merfolk Monk)                        Turns: 2848, Time: 00:07:42

Health: -4/42      AC:  3    Str: 11    XL:     5   Next: 29%
Magic:  5/5        EV: 14    Int: 10    God:
Gold:   76         SH:  0    Dex: 17    Spells: 4/4 levels left

rFire    . . .     SeeInvis .   a - +0 spear
rCold    . . .     Gourm    .   (no shield)
rNeg     . . .     Faith    .   b - +0 robe
rPois    .         Spirit   .   (no helmet)
rElec    .         Reflect  .   o - +0 cloak
rCorr    .         Harm     .   (no gloves)
MR       .....                  (no boots)
Stlth    ++........             (no amulet)
HPRegen  0.14/turn              i - ring of flight
MPRegen  0.09/turn              (no ring)

@: no status effects
A: change form in water, swift swim, stealthy swim
a: Evoke Flight


You were on level 3 of the Dungeon.
You were not hungry.

You visited 1 branch of the dungeon, and saw 3 of its levels.

You collected 76 gold pieces.

Inventory:

Hand Weapons
 a - a +0 spear (weapon)
 g - a +0 short sword of protection
 h - a cursed -2 whip
 n - a +0 trident
Armour
 b - a +0 robe (worn)
 o - a +0 cloak (worn)
 s - a +1 ring mail of poison resistance
Jewellery
 f - a cursed amulet of inaccuracy {unknown}
 i - a ring of flight (left hand)
Scrolls
 d - a scroll of remove curse {unknown}
 j - a scroll of blinking {unknown}
 k - 2 scrolls of teleportation {unknown}
 m - a scroll of enchant weapon {unknown}
 r - 2 scrolls of amnesia {unknown}
 t - 2 scrolls of identify {unknown}
Potions
 e - a potion of agility {unknown}
 l - a potion of ambrosia {unknown}
 q - a potion of curing {unknown}
Comestibles
 c - 4 rations


   Skills:
 + Level 4.1 Fighting
 * Level 7.8 Polearms
 - Level 4.0 Dodging
 - Level 2.1 Stealth


You had 4 spell levels left.
You didn't know any spells.

Dungeon Overview and Level Annotations

Branches:
Dungeon (3/15)

Altars:


Message History

You kill the gnoll!
The gnoll hits you from afar with a spear.
You are too injured to fight recklessly!
Attack whom?
Press: ? - help, Dir - move target cursor, f - gnoll
Aim: a gnoll, wielding a spear You reach to attack!
You hit the gnoll.
The gnoll is lightly wounded.
The gnoll hits you with a spear!
* * * LOW HITPOINT WARNING * * *
Things that are here:
a club; a gnoll corpse You hit the gnoll.
The gnoll is heavily wounded.
The gnoll hits you with a spear.
* * * LOW HITPOINT WARNING * * *
You hit the gnoll.
The gnoll is severely wounded.
The gnoll hits you with a spear!
You die...

#.#######........ #.....
#....############ #.....
#.............# #.....
#.....#######.#####
#.....
#.....#######.....#
#.....
#.....#.....#.....#
#.....
#....##.###.#.....#
####.# #########...#
#g#.....# #.#
.......##.#.# #.@.....#
#.. #.)..#.# #.......#
###. ###########.##'###
#...
.........##.##########...
###########.##...........
#######'##...........
#..........).........
#....................
#....................


You could see a gnoll.

Vanquished Creatures
  Jessica (D:2)
  A worker ant (D:3)
  2 gnolls (D:3)
  An adder (D:3)
  A worm (D:2)
  4 dart slugs
  A leopard gecko (D:3)
  An orc (D:2)
  3 giant cockroaches
  8 goblins
  9 hobgoblins
  A ball python (D:1)
  10 bats
  5 frilled lizards
  4 kobolds
  5 rats (D:1)
57 creatures vanquished.

Notes
Turn   | Place    | Note
-------+----------+-------------------------------------------
     0 | D:1      | pox the Merfolk Monk began the quest for the Orb.
     0 | D:1      | Reached XP level 1. HP: 18/18 MP: 1/1
   158 | D:1      | Reached XP level 2. HP: 24/24 MP: 2/2
   178 | D:1      | Reached skill level 5 in Polearms
   582 | D:1      | Reached XP level 3. HP: 30/30 MP: 3/3
   918 | D:1      | Reached skill level 6 in Polearms
  1233 | D:2      | Noticed Jessica
  1257 | D:2      | Killed Jessica
  1257 | D:2      | Reached XP level 4. HP: 11/37 MP: 4/4
  2428 | D:3      | Reached skill level 7 in Polearms
  2584 | D:3      | Reached XP level 5. HP: 4/42 MP: 5/5
  2848 | D:3      | Slain by a gnoll

Skill      XL: |  1  2  3  4 |
---------------+-------------+-----
Polearms       | 5 6 7 |  7.8
Fighting       | 4 |  4.1
Dodging        | |  4.0
Stealth        | |  2.1

Action                   |  1- 3 |  4- 6 || total
-------------------------+-------+-------++-------
Melee: Spear             |   125 |   106 ||   231
  Use: Potion            |       |     1 ||     1
 Stab: Sleeping          |     7 |     4 ||    11
  Eat: Chunk             |     1 |     5 ||     6
Armor: Robe              |    22 |     9 ||    31
Dodge: Dodged            |    71 |    49 ||   120
